Map: Efflorescence LE

Players

Massa

  • Race: Terran Terran
  • League: Platinum
  • Spawn Location: 9:00

qqq

  • Race: Zerg Zerg
  • Spawn Location: 6:00

TPxSpAnZo - Winner!

  • Race: Protoss Protoss
  • League: Platinum
  • Spawn Location: 12:00

Lovriko - Winner!

  • Race: Zerg Zerg
  • Spawn Location: 3:00

VOD

Have the link to the VOD?

Description

Time

  • Played on: Feb. 18, 2021, 2:35 p.m.
  • Length: 3:57
Show
View Real Time Build Order
Export as new Build Order

Massa Terran 

Build Orders:  

Get SALT Encoding   

  12  0:01  SCV  
  13  0:13  SCV  
  14  0:18  Supply Depot  
  14  0:25  SCV  
  15  0:39  SCV  
  15  0:41  Barracks  
  16  0:51  Refinery, SCV  
  17  1:08  SCV  
  17  1:09  Supply Depot  
  18  1:20  SCV  
  19  1:28  Barracks  
  19  1:52  Marine  
  20  1:57  Orbital Command, Factory  
  20  2:10  Marine  
  21  2:18  Marine  
  22  2:23  Bunker  
  21  2:58  Supply Depot  
  17  3:15  Marine  
  17  3:16  Marine  
Show
View Real Time Build Order
Export as new Build Order

qqq Zerg 

Build Orders: Hatch First 

Get SALT Encoding   

  12  0:01  Drone  
  13  0:08  Drone  
  14  0:20  Overlord  
  14  0:47  Hatchery  
  13  0:52  Drone  
  13  0:53  Drone  
  13  0:57  Drone  
  16  1:20  Extractor, Spawning Pool  
  16  1:25  Drone  
  15  1:26  Drone  
  15  1:28  Drone  
  16  1:40  Drone  
  17  2:07  Zergling x4  
  17  2:08  Zergling x2  
  20  2:09  Queen  
  20  2:10  Zergling x2  
  20  2:12  Zergling x2  
  24  2:19  Zergling x2  
  23  2:30  Metabolic Boost  
  23  2:34  Zergling x2  
  21  2:49  Zergling x2  
  21  2:50  Zergling x4  
  22  3:01  Zergling x4  
  22  3:04  Overlord  
  24  3:13  Zergling x4  
  24  3:16  Zergling x2  
  27  3:24  Zergling x4  
  29  3:28  Zergling x2  
  30  3:37  Baneling Nest  
  30  3:40  Drone  
  30  3:43  Drone  
Show
View Real Time Build Order
Export as new Build Order

TPxSpAnZo Protoss - Winner!

Build Orders: Cannon Rush 

Get SALT Encoding   

  12  0:00  Probe  
  13  0:12  Probe  
  14  0:18  Pylon  
  14  0:24  Probe  
  15  0:36  Probe (Chrono Boost)  
  15  0:40  Forge  
  16  0:46  Probe (Chrono Boost)  
  17  0:51  Probe (Chrono Boost)  
  18  1:12  Probe  
  18  1:17  Photon Cannon, Pylon  
  19  1:24  Probe  
  20  1:32  Pylon  
  20  1:36  Photon Cannon  
  20  1:39  Photon Cannon  
  20  1:47  Pylon  
  20  2:01  Probe  
  21  2:13  Probe  
  22  2:25  Probe  
  22  2:26  Assimilator  
  22  2:29  Assimilator  
  23  2:32  Gateway  
  23  2:38  Probe  
  24  2:48  Pylon  
  24  2:50  Probe  
  24  3:02  Probe  
  25  3:06  Photon Cannon  
  25  3:07  Photon Cannon  
  25  3:11  Pylon  
  25  3:14  Probe  
  26  3:25  Cybernetics Core  
  26  3:26  Probe  
  27  3:27  Pylon  
  27  3:35  Zealot (Chrono Boost)  
  27  3:38  Probe  
Show
View Real Time Build Order
Export as new Build Order

Lovriko Zerg - Winner!

Build Orders: 1 Base Baneling Bust, Pool Only 

Get SALT Encoding   

  12  0:19  Drone  
  13  0:24  Spawning Pool  
  13  0:26  Drone  
  13  0:30  Drone  
  14  0:35  Extractor  
  14  0:42  Overlord  
  13  0:47  Drone  
  14  1:15  Zergling x4  
  14  1:16  Zergling x2  
  14  1:17  Queen  
  19  1:27  Zergling x2  
  20  1:42  Zergling x2  
  20  1:44  Metabolic Boost  
  21  2:02  Zergling x2  
  21  2:07  Overlord  
  22  2:31  Zergling x6  
  24  2:40  Zergling x6  
  27  2:45  Baneling Nest  
  25  2:54  Zergling x2  
  26  3:12  Zergling x8  
  30  3:25  Zergling x2  
  29  3:31  Baneling x2  
  29  3:32  Baneling x2  
  29  3:34  Zergling x2  
Tags
 
Add a new tag
Caveats
  • Supply blocks, unpowered buildings, or Contaminate may cause inaccurate times.
  • Supply counts are checked every 10 seconds.